Map: Rhoskallian LE

Players

qqq - Winner!

  • Race: Zerg Zerg
  • Spawn Location: 5:00

Massa - Winner!

  • Race: Terran Terran
  • League: Platinum
  • Spawn Location: 6:00

Soenson

  • Race: Zerg Zerg
  • League: Platinum
  • Spawn Location: 12:00

Pixel

  • Race: Zerg Zerg
  • League: Diamond
  • Spawn Location: 11:00

VOD

Have the link to the VOD?

Description

Time

  • Played on: Nov. 15, 2020, 8:26 a.m.
  • Length: 17:56
Show
View Real Time Build Order
Export as new Build Order

qqq Zerg - Winner!

Build Orders: Hatch First 

Get SALT Encoding   

  12  0:00  Drone  
  13  0:11  Drone  
  14  0:27  Overlord  
  14  0:44  Hatchery  
  13  1:00  Drone  
  13  1:01  Drone x2  
  16  1:16  Spawning Pool  
  15  1:20  Drone  
  15  1:23  Extractor  
  15  1:36  Drone x2  
  17  1:54  Drone  
  17  1:55  Drone  
  17  1:56  Drone  
  20  2:05  Queen  
  20  2:07  Queen  
  24  2:13  Drone  
  24  2:14  Drone  
  26  2:28  Zergling x4  
  28  2:31  Overlord  
  28  2:33  Overlord  
  27  2:46  Metabolic Boost  
  27  2:51  Drone x2  
  27  2:53  Zergling x2  
  27  2:54  Zergling x2  
  31  2:59  Baneling Nest  
  31  3:00  Zergling x2  
  31  3:05  Zergling x2  
  32  3:09  Zergling x2  
  33  3:13  Zergling x2  
  34  3:22  Zergling x6  
  34  3:23  Zergling x2  
  34  3:24  Zergling x2  
  34  3:34  Zergling x2  
  34  3:35  Drone x2  
  34  3:40  Lair  
  37  3:42  Drone  
  37  3:45  Drone  
  39  3:52  Drone  
  39  3:53  Drone  
  41  3:58  Extractor  
  41  4:00  Drone x2  
  42  4:04  Baneling x3  
  42  4:08  Drone  
  42  4:09  Overlord  
  43  4:30  Zergling x6  
  43  4:31  Drone x4  
  42  4:54  Overlord  
  42  4:55  Drone, Zergling x4  
  42  4:56  Drone x4  
  42  4:59  Extractor x2  
  46  5:03  Zergling x2  
  47  5:11  Hatchery  
  47  5:13  Drone  
  47  5:17  Drone  
  47  5:18  Spire  
  47  5:21  Drone  
  48  5:29  Drone, Overlord  
  48  5:30  Overlord x2  
  48  5:33  Drone x3  
  52  5:48  Drone x2  
  54  5:50  Zergling x2  
  55  6:12  Drone  
  55  6:13  Overlord x2  
  55  6:14  Infestation Pit, Overlord  
  55  6:15  Drone x2  
  56  6:32  Mutalisk x3  
  56  6:34  Mutalisk x3  
  68  6:45  Hatchery  
  68  6:46  Mutalisk x2  
  71  6:50  Zerg Flyer Weapons Level 1  
  71  6:51  Drone x2  
  73  7:03  Mutalisk  
  74  7:22  Mutalisk x2  
  73  7:37  Mutalisk x2  
  73  7:39  Drone x3  
  76  8:08  Mutalisk x3  
  76  8:10  Drone x2  
  84  8:16  Mutalisk  
  82  8:41  Hive  
  82  8:42  Drone x3  
  82  8:45  Drone x3  
  88  8:59  Drone x2  
  86  9:13  Mutalisk  
  86  9:14  Mutalisk x4  
  86  9:16  Drone x3  
  99  9:18  Extractor x2  
  99  9:22  Zergling x2  
  99  9:23  Drone  
  99  9:38  Queen  
  99  9:39  Drone  
  99  9:40  Drone x3  
  99  9:42  Hatchery  
  99  9:43  Spine Crawler  
  99  9:44  Spine Crawler  
  99  9:45  Extractor  
  101  9:51  Hatchery, Mutalisk  
  101  9:52  Mutalisk x3  
  108  9:53  Overlord  
  108  9:54  Drone, Overlord  
  108  9:55  Drone  
  110  10:00  Hatchery  
  110  10:03  Drone x2  
  111  10:09  Greater Spire  
  111  10:11  Hatchery  
  105  10:50  Viper x2  
  105  10:51  Corruptor x4  
  105  10:53  Drone x6  
  125  11:17  Drone x5  
  125  11:18  Drone x5, Overlord  
  135  11:19  Overlord x3  
  127  11:44  Mutalisk x2  
  127  11:45  Mutalisk x2  
  135  11:49  Drone x5  
  135  11:50  Drone x5  
  145  11:54  Extractor  
  145  11:56  Spine Crawler, Spore Crawler  
  145  11:57  Spine Crawler  
  145  11:58  Spine Crawler  
  145  12:00  Corruptor  
  145  12:01  Corruptor x6  
  142  12:07  Spine Crawler  
  153  12:09  Spine Crawler  
  146  13:08  Mutalisk x2, Corruptor  
  146  13:09  Corruptor x4  
  146  13:12  Brood Lord x3  
  166  13:13  Brood Lord  
  166  13:14  Drone x4  
  166  13:15  Drone x8  
  166  13:16  Drone x3  
  183  13:22  Spine Crawler x2  
  181  13:39  Drone x3  
  182  13:46  Spine Crawler  
  182  13:47  Spine Crawler  
  178  13:49  Spore Crawler x2  
  175  14:07  Drone x4  
  175  14:08  Corruptor x4  
  168  14:58  Corruptor  
  168  14:59  Viper x4  
  170  15:00  Viper  
  170  15:01  Overlord x3  
  185  15:19  Brood Lord x2  
  185  15:20  Brood Lord x3  
  195  15:46  Overseer  
  195  15:48  Pneumatized Carapace  
  195  15:59  Spore Crawler  
  195  16:00  Spore Crawler  
  195  16:01  Spore Crawler  
  195  16:03  Spore Crawler  
Show
View Real Time Build Order
Export as new Build Order

Massa Terran - Winner!

Build Orders: Liberator Opening 

Get SALT Encoding   

  12  0:00  SCV  
  13  0:12  SCV  
  14  0:23  Supply Depot  
  14  0:24  SCV  
  15  0:31  Refinery  
  15  0:45  SCV, Barracks  
  16  0:58  SCV  
  17  1:05  Refinery  
  17  1:10  SCV  
  18  1:23  SCV  
  19  1:36  Orbital Command  
  19  1:38  Barracks Reactor  
  19  1:50  Factory  
  19  2:08  Command Center  
  19  2:11  SCV  
  20  2:16  Marine  
  20  2:20  Marine  
  23  2:30  SCV  
  23  2:46  Factory Reactor, Supply Depot  
  23  3:00  Starport  
  23  3:07  SCV, Marine x2  
  23  3:11  Bunker  
  26  3:25  Marine x2  
  28  3:33  Orbital Command  
  28  3:34  SCV  
  28  3:38  Factory Tech Lab  
  29  3:43  Marine x2  
  29  3:46  SCV  
  32  3:51  Liberator, Medivac  
  37  3:58  SCV  
  37  3:59  Widow Mine  
  37  4:00  Marine x2  
  37  4:01  SCV  
  43  4:10  SCV  
  43  4:13  SCV  
  45  4:18  Marine  
  46  4:24  Supply Depot  
  46  4:28  Engineering Bay  
  46  4:45  SCV, Marine x2, Medivac, Siege Tank  
  46  4:51  Command Center  
  54  4:55  Refinery  
  54  5:00  Supply Depot  
  54  5:02  Supply Depot  
  54  5:04  Supply Depot  
  54  5:21  Marine  
  54  5:22  SCV x2  
  56  5:34  SCV x2  
  58  5:56  Marine x2  
  60  6:01  Barracks, Siege Tank  
  63  6:10  Barracks, Missile Turret  
  63  6:14  Barracks, Marine x2  
  63  6:18  SCV x2  
  67  6:30  SCV x2  
  69  6:42  SCV x2  
  71  6:49  Viking  
  71  6:50  Viking  
  75  6:54  SCV x2  
  75  7:00  Marine x2  
  79  7:03  Barracks Tech Lab  
  79  7:04  Barracks Reactor  
  79  7:05  Barracks Tech Lab  
  79  7:06  SCV  
  79  7:07  SCV  
  81  7:18  SCV, Marine x2  
  81  7:19  SCV  
  81  7:21  Planetary Fortress  
  85  7:31  SCV x2  
  87  7:43  SCV x2  
  87  8:03  Refinery  
  87  8:04  Terran Infantry Weapons Level 1  
  87  8:07  Command Center  
  87  8:11  Armory  
  87  8:13  Engineering Bay  
  87  8:15  Siege Tank  
  87  8:16  Marauder, Marine  
  87  8:18  Armory  
  87  8:19  Stimpack, Combat Shield  
  93  8:26  Supply Depot  
  93  8:29  Supply Depot  
  93  8:30  Supply Depot  
  93  8:48  SCV x2, Marauder, Marine x2, Medivac  
  101  8:50  SCV, Supply Depot, Medivac, Siege Tank  
  101  8:51  Marauder  
  101  8:55  Supply Depot x2  
  109  9:00  SCV  
  110  9:03  SCV  
  110  9:04  Marine  
  110  9:05  Marine x3  
  110  9:07  SCV  
  116  9:12  SCV, Marauder x2  
  116  9:15  SCV  
  122  9:19  SCV  
  122  9:22  Sensor Tower  
  122  9:23  Siege Tank  
  126  9:24  SCV, Missile Turret  
  126  9:27  SCV  
  128  9:34  Marauder x2  
  128  9:35  Terran Vehicle Weapons Level 1  
  128  9:38  Concussive Shells  
  132  9:48  Refinery  
  132  9:52  Refinery  
  132  9:55  Siege Tank  
  135  10:08  Marauder x2  
  135  10:09  Marine x4  
  143  10:26  Marine  
  143  10:27  Terran Infantry Weapons Level 2, Marine x3, Siege Tank  
  143  10:28  Terran Infantry Armor Level 1  
  150  10:29  Marauder x2  
  150  10:31  Terran Vehicle And Ship Armor Level 1  
  154  10:43  SCV x2  
  156  10:51  Refinery  
  156  10:54  Refinery  
  156  10:55  Supply Depot  
  156  10:56  Supply Depot  
  156  10:57  Supply Depot  
  156  10:58  Supply Depot  
  156  10:59  Supply Depot  
  156  11:01  Supply Depot  
  156  11:02  Supply Depot  
  156  11:16  Smart Servos, Marine x2  
  156  11:17  SCV x2, Marauder, Medivac  
  156  11:18  SCV, Marauder, Marine x2, Medivac  
  171  11:19  Supply Depot  
  171  11:22  Supply Depot  
  171  11:23  Supply Depot  
  171  11:24  Supply Depot  
  171  11:25  Supply Depot  
  171  11:26  Supply Depot  
  171  11:27  Planetary Fortress  
  171  11:28  Supply Depot  
  171  11:30  SCV, Missile Turret  
  172  11:34  Marine x2  
  172  11:35  Missile Turret  
  172  11:36  Marine x2  
  172  11:38  Marauder, Missile Turret  
  180  11:40  Marauder  
  180  11:42  Missile Turret  
  180  11:43  Terran Vehicle Weapons Level 2, Supply Depot  
  180  11:45  Missile Turret, Supply Depot  
  180  11:46  Supply Depot  
  180  11:49  Supply Depot  
  180  11:51  Supply Depot  
  180  12:00  Marauder  
  184  12:01  Marauder  
  184  12:02  Fusion Core  
  184  12:06  Missile Turret  
  184  12:07  Siege Tank  
  187  12:21  Marauder  
  191  12:22  Marauder  
  191  12:35  Drilling Claws  
  191  12:39  Siege Tank  
  191  12:43  Marauder  
  198  12:44  Marauder  
  198  12:53  Advanced Ballistics  
  129  14:45  Marauder x2, Marine x4  
  123  15:03  Marine x4  
  123  15:06  Marauder x2  
  131  15:08  Sensor Tower  
  131  15:20  Marine  
  131  15:21  Marine x3  
  132  15:26  SCV  
  132  15:27  SCV x3, Marauder  
  132  15:28  Marauder  
  143  15:35  Command Center  
  143  15:38  SCV, Marine  
  143  15:39  Marine x3  
  147  15:49  Marauder x2  
  151  15:57  Missile Turret  
  151  15:59  Missile Turret  
  149  16:10  Marauder x2  
  150  16:12  SCV  
  150  16:13  SCV  
  152  16:20  Marine x4  
  156  16:30  Missile Turret  
  156  16:32  Marauder x2  
  160  16:33  Missile Turret  
  160  16:38  Marine  
  161  16:40  Missile Turret x2  
  158  16:51  Missile Turret  
  158  16:54  Missile Turret  
  158  17:01  Missile Turret x2  
  153  17:14  Missile Turret  
  141  17:23  Missile Turret x2  
  140  17:44  Missile Turret  
  140  17:45  Missile Turret  
Show
View Real Time Build Order
Export as new Build Order

Soenson Zerg 

Build Orders: Hatch First, Lurkers 

Get SALT Encoding   

  12  0:02  Drone  
  13  0:13  Overlord  
  13  0:24  Drone  
  14  0:31  Drone x2  
  16  0:38  Drone  
  17  0:47  Drone  
  18  1:00  Hatchery  
  18  1:04  Drone  
  18  1:07  Extractor  
  17  1:18  Spawning Pool  
  17  1:21  Drone  
  17  1:27  Drone  
  17  1:30  Drone  
  19  1:43  Overlord  
  19  1:50  Drone  
  20  2:00  Drone  
  21  2:11  Queen  
  21  2:12  Zergling x4  
  25  2:20  Queen  
  27  2:23  Zergling x2  
  27  2:24  Zergling x2  
  29  2:35  Metabolic Boost  
  29  2:37  Drone x2  
  29  2:43  Baneling Nest  
  30  3:02  Drone x3  
  33  3:07  Drone x3  
  36  3:15  Roach Warren  
  36  3:16  Drone  
  32  3:38  Drone x4  
  36  3:50  Overlord  
  36  4:10  Zergling x2  
  36  4:11  Zergling x6  
  36  4:12  Roach  
  36  4:13  Roach  
  43  4:23  Overlord  
  41  4:27  Queen  
  41  4:28  Spine Crawler  
  42  4:31  Baneling x2  
  40  4:52  Drone x7  
  46  4:53  Drone x4  
  46  4:59  Extractor  
  49  5:03  Lair  
  46  5:22  Zergling x6  
  46  5:23  Zergling x2  
  46  5:28  Hatchery  
  44  5:39  Drone x5  
  44  5:40  Drone x3  
  52  5:49  Extractor  
  51  5:50  Extractor  
  51  5:52  Spore Crawler  
  51  5:56  Spore Crawler  
  48  6:12  Hydralisk Den  
  47  6:22  Drone x4  
  51  6:26  Pneumatized Carapace  
  51  6:32  Drone  
  52  6:42  Queen x2  
  56  6:49  Spine Crawler  
  56  6:51  Hydralisk  
  56  6:53  Zergling x2  
  58  6:54  Overlord x2  
  58  7:11  Overlord  
  58  7:12  Queen, Overlord  
  58  7:15  Hatchery  
  59  7:24  Hydralisk x6  
  69  7:30  Baneling x2  
  69  7:31  Baneling  
  67  7:39  Hydralisk x3  
  66  8:03  Hydralisk x4  
  66  8:04  Hydralisk  
  70  8:27  Spore Crawler  
  70  8:29  Spore Crawler  
  68  8:34  Spore Crawler  
  68  8:35  Spore Crawler  
  66  8:42  Spore Crawler  
  63  9:08  Hydralisk  
  65  9:25  Overlord x2  
  65  9:26  Overlord x2  
  65  9:36  Overlord  
  65  9:37  Overlord x3  
  65  9:43  Queen  
  67  9:54  Muscular Augments  
  67  9:57  Drone  
  67  9:58  Drone x8  
  67  9:59  Drone  
  77  10:06  Hydralisk x2  
  79  10:12  Infestation Pit  
  80  10:21  Evolution Chamber  
  80  10:23  Evolution Chamber  
  70  10:45  Drone x3  
  70  10:46  Drone x8  
  70  10:47  Drone  
  82  10:59  Queen  
  84  11:12  Zerg Missile Weapons Level 1, Hydralisk x5, Zerg Ground Armor Level 1  
  84  11:18  Pathogen Glands  
  84  11:50  Spore Crawler x2  
  84  11:52  Drone x3, Spore Crawler x2  
  83  11:54  Drone x4  
  83  11:55  Drone x3  
  83  12:00  Queen  
  92  12:15  Lurker Den  
  91  12:51  Hydralisk  
  91  12:52  Infestor  
  91  12:53  Infestor  
  91  12:54  Lurker Den  
  91  12:57  Zergling x14  
  91  12:58  Zergling x8  
  107  13:08  Zergling x4  
  109  13:16  Centrifical Hooks  
  106  13:21  Zergling x12  
  91  14:04  Lurker x5  
  91  14:05  Lurker x7  
  91  14:06  Lurker x2  
  91  14:07  Zergling x4  
  91  14:08  Zergling x14  
  112  14:17  Hive  
  82  14:40  Hydralisk x2  
  82  14:41  Hydralisk x3  
  70  14:59  Zergling x6  
  64  15:01  Queen  
  64  15:07  Zergling x4  
  66  15:18  Zergling x4  
  58  15:53  Drone x4  
  58  15:54  Drone x2  
  64  16:06  Ultralisk Cavern, Lurker x2  
  65  16:31  Hydralisk x4  
  65  16:32  Hydralisk x3  
Show
View Real Time Build Order
Export as new Build Order

Pixel Zerg 

Build Orders: Hatch First, Muta Ling Bane 

Get SALT Encoding   

  12  0:00  Drone  
  13  0:12  Drone  
  14  0:20  Overlord  
  14  0:38  Drone  
  14  0:39  Drone x2  
  18  0:50  Drone  
  18  1:03  Hatchery  
  17  1:07  Drone, Extractor  
  17  1:14  Drone  
  18  1:22  Spawning Pool  
  18  1:24  Drone  
  19  1:32  Drone  
  19  1:43  Overlord  
  19  2:10  Queen  
  19  2:15  Queen  
  23  2:17  Zergling x6  
  23  2:20  Zergling x2  
  27  2:26  Metabolic Boost  
  27  2:33  Drone  
  28  2:39  Drone  
  28  2:40  Drone  
  30  2:45  Drone, Queen  
  33  3:04  Drone x3  
  36  3:07  Overlord  
  36  3:08  Roach Warren  
  35  3:24  Drone x3  
  34  3:43  Drone x7  
  41  3:51  Spine Crawler  
  41  3:55  Drone x2  
  41  3:57  Extractor  
  41  3:58  Extractor  
  41  4:10  Drone x3  
  41  4:11  Drone  
  41  4:12  Overlord x2  
  44  4:30  Roach x5  
  54  4:34  Roach x3  
  56  4:39  Queen  
  56  4:40  Roach  
  60  4:56  Overlord x2  
  60  5:23  Roach x8  
  76  5:31  Lair  
  76  5:48  Overlord  
  76  5:49  Overlord x2  
  76  5:52  Hatchery  
  75  6:01  Drone  
  75  6:02  Extractor  
  75  6:30  Drone  
  76  6:34  Drone x2  
  76  6:36  Drone x2, Baneling Nest  
  76  6:37  Overlord  
  79  6:40  Queen  
  79  6:41  Queen  
  79  6:42  Glial Reconstitution  
  84  6:47  Ravager x5  
  87  7:35  Spore Crawler x2  
  87  7:36  Spore Crawler  
  84  7:38  Queen x2  
  84  8:14  Queen x2  
  84  8:18  Centrifical Hooks  
  88  8:21  Zergling x32  
  104  8:32  Overlord x2  
  104  8:33  Overlord x2  
  104  8:42  Hatchery  
  104  8:45  Spire  
  102  8:50  Queen  
  104  9:07  Drone x3  
  107  9:19  Drone, Spore Crawler  
  107  9:27  Overlord x2  
  107  9:50  Extractor  
  106  9:52  Extractor  
  106  9:55  Queen  
  107  10:00  Mutalisk x11  
  129  10:07  Drone x3  
  129  10:08  Drone x3  
  129  10:09  Drone x2  
  133  10:25  Mutalisk x2  
  133  10:26  Mutalisk x3  
  134  10:45  Queen  
  134  10:46  Queen x2  
  135  10:50  Mutalisk x3  
  141  11:02  Drone  
  141  11:04  Infestation Pit  
  141  11:09  Drone x9  
  150  11:16  Baneling x4  
  150  11:17  Baneling x4  
  150  11:18  Baneling  
  150  11:21  Queen  
  150  11:24  Drone x2, Spore Crawler  
  153  11:26  Overlord x2  
  153  11:33  Zerg Flyer Armor Level 1  
  153  11:49  Drone  
  153  11:53  Drone x5, Spore Crawler  
  153  11:54  Drone x3  
  161  11:55  Spore Crawler  
  160  12:09  Mutalisk x4, Pneumatized Carapace  
  168  12:16  Hatchery  
  129  13:03  Corruptor x7  
  139  13:13  Baneling x8  
  139  13:38  Hatchery  
  139  13:39  Hive  
  138  13:45  Mutalisk x3  
  72  14:31  Mutalisk x7  
  65  14:57  Mutalisk  
  65  14:58  Mutalisk x2  
  56  15:16  Mutalisk  
  56  15:17  Mutalisk  
  58  15:31  Drone x2  
  58  15:32  Drone  
  61  15:38  Mutalisk x2  
  65  15:56  Mutalisk x2  
  67  16:25  Mutalisk x2  
  53  16:36  Mutalisk  
  55  16:55  Mutalisk x2  
  35  17:33  Drone x3  
Tags
 
Add a new tag
Caveats
  • Supply blocks, unpowered buildings, or Contaminate may cause inaccurate times.
  • Supply counts are checked every 10 seconds.